 Dungeon Crawl Stone Soup version 0.26.1-11-gd32895ea62 (webtiles) character file.

Game seed: 7454009986458607335

17 Tocho the Gusty (level 2, -2/27 HPs)
             Began as an Ogre Air Elementalist on May 28, 2021.
             Slain by an adder (5 damage)
             ... on level 2 of the Dungeon.
             The game lasted 00:03:07 (545 turns).

Tocho the Gusty (Ogre Air Elementalist)              Turns: 545, Time: 00:03:08

Health: -2/27      AC:  3    Str: 11    XL:     2   Next: 62%
Magic:  2/5        EV: 10    Int: 16    God:
Gold:   34         SH:  0    Dex:  9    Spells: 5/6 levels left

rFire    . . .     SeeInvis .   g - +0 mace
rCold    . . .     Faith    .   (no shield)
rNeg     . . .     Spirit   .   a - +0 robe
rPois    .         Reflect  .   (helmet restricted)
rElec    .         Harm     .   (no cloak)
rCorr    .         Rampage  .   (gloves unavailable)
Will     .....                  (boots unavailable)
Stlth    +.........             (no amulet)
HPRegen  0.09/turn              (no ring)
MPRegen  0.09/turn              (no ring)

@: lethally poisoned (-2 -> -4)
A: large, unfitting armour, tough skin 1
a: no special abilities


You were on level 2 of the Dungeon.
You visited 1 branch of the dungeon, and saw 2 of its levels.

You collected 34 gold pieces.

Inventory:

Hand Weapons
 c - a +0 dagger
 g - a +0 mace (weapon)
Armour
 a - a +0 robe (worn)
Scrolls
 b - 3 scrolls of fog {unknown}
 e - a scroll of remove curse {unknown}
 h - a scroll of amnesia {unknown}
Potions
 d - a potion of resistance {unknown}
 f - a potion of berserk rage {unknown}
 i - 2 potions of heal wounds {unknown}


   Skills:
 * Level 1.3 Fighting
 + Level 0.1 Maces & Flails
 + Level 1.7 Dodging
 + Level 1.4 Stealth
 + Level 2.7 Spellcasting
 + Level 1.1 Conjurations
 + Level 3.0 Air Magic


You had 5 spell levels left.
You knew the following spells:

 Your Spells              Type           Power        Failure   Level
a - Shock                 Conj/Air       32%          9%          1

Your spell library contained the following spells:

 Spells                   Type           Power        Failure   Level
 Swiftness                Air            11%          9%          2
 Static Discharge         Conj/Air       8%           24%         3
 Airstrike                Air            5%           50%         4
 Lightning Bolt           Conj/Air       4%           92%         5


Dungeon Overview and Level Annotations

Branches:
Dungeon (1/15)

Altars:
Ru


Innate Abilities, Weirdness & Mutations

You are too large for most types of armour.
You have tough skin. (AC +1)


Message History

* * * LOW HITPOINT WARNING * * *
You feel sick.
Found a whip and 14 gold pieces.
The jackal barks!
Found 11 gold pieces.
A jackal and a kobold come into view.
The kobold shouts!
The kobold throws a stone.
The stone hits you but does no damage.
A jackal comes into view.
You see here a stone.
The jackal barks!
Found 16 arrows.
Unknown command.
You closely miss the adder.
* * * LOW HITPOINT WARNING * * *
You feel sick.
The jackal bites you but does no damage.
The adder barely misses you. The giant cockroach barely misses you.
The adder bites you.
You die...

##.........#
#..#.....## #
#.8)........# .#
..........w..# ..#
.............# #K.##
.#.8........###$....
#_##.#.....r.....##
## #.##....BS).....
# ###.S@h..#...
#...###.hh..
(.....## ..$..
...... ###. ....#.
....#. ... ..


You could see a worm, 2 adders, a quokka, 3 jackals, a giant cockroach and a
kobold.

Vanquished Creatures
  A leopard gecko (D:1)
  A bat (D:1)
  A giant cockroach (D:2)
  3 goblins (D:1)
  4 hobgoblins (D:1)
  A kobold (D:1)
  A frilled lizard (D:1)
  A rat (D:1)
13 creatures vanquished.

Notes
Turn   | Place    | Note
-------+----------+-------------------------------------------
     0 | D:1      | Tocho the Ogre Air Elementalist began the quest for the
                  | Orb.
     0 | D:1      | Reached XP level 1. HP: 16/16 MP: 3/3
   121 | D:1      | Reached skill level 1 in Conjurations
   183 | D:1      | Reached skill level 3 in Air Magic
   254 | D:1      | Reached XP level 2. HP: 24/24 MP: 0/5
   452 | D:1      | Reached skill level 1 in Fighting
   530 | D:1      | You fall into a shaft and drop 1 floor!
   530 | D:2      | Found a sacrificial altar of Ru.
   545 | D:2      | Slain by an adder

Illustrated notes

Levels and vault maps discovered:
D:1:      nzn_arrival_crosshair, layout_loops_ring, minmay_close_crescents
D:2:      layout_rooms, minitemple, uniq_sigmund, uniq_crazy_yiuf_cottage

Skill      XL: |  1  2 |
---------------+-------+-----
Conjurations   | 1 |  1.1
Air Magic      | 3 |  3.0
Fighting       | 1 |  1.3
Maces & Flails | |  0.1
Dodging        | |  1.7
Stealth        | |  1.4
Spellcasting   | |  2.7

Action                   || total
-------------------------++-------
Melee: Mace              ||    14
 Cast: Shock             ||    20
Armor: Robe              ||     6
Dodge: Dodged            ||     9
